AoeStats
← Dippy Eggs

Arena

505377198Analyzed
4v4 RM · 23d ago on Sep 9, 2026· 46m 18s· 8 players
Game mode
Random Map
Map size
Large (8 player)
Population
200
Speed
Normal
Resources
Standard
Victory
Conquest
Starting age
Dark Age
Ending age
Imperial Age
RankedLock teamsTeams togetherTeam positionsShared explorationLock speedFull tech treeHidden civsTurbo modeCheats
Victory
Defeat
🇺🇸 Celts · United States
1042
+12
🇨🇳 Goths · China
982
+14
🇦🇺 Japanese · Australia
870
+19
🇺🇸 Turks · United States
850
+20
🇺🇸 Portuguese · United States
1000
-58
🇦🇷 Chinese · Argentina
953
-17
🇺🇸 Japanese · United States
944
-16
🇺🇸 Byzantines · United States
872
-13
NandoF26
0:30 Loom
11:51 Feudal Age
17:12 Castle Age
15:25 Horse Collar
16:16 Double-Bit Axe
19:48 Bow Saw
19:42 Heavy Plow
27:07 Ballistics
26:58 Fortified Wall
30:26 Imperial Age
28:55 Husbandry
29:24 Scale Barding Armor
29:29 Forging
28:50 Light Cavalry
31:28 Chain Barding Armor
32:29 Wheelbarrow
32:14 Gold Mining
33:09 Plate Barding Armor
33:30 Cavalier
35:32 Hand Cart
35:50 Crop Rotation
36:26 Two-Man Saw
36:05 Iron Casting
36:11 Gold Shaft Mining
MonsterSmeat
10:36 Feudal Age
8:51 Loom
12:20 Double-Bit Axe
15:51 Castle Age
14:25 Horse Collar
14:16 Man-at-Arms
15:30 Arson
18:26 Wheelbarrow
19:34 Squires
21:26 Scale Mail Armor
23:33 Gambesons
24:06 Forging
30:40 Imperial Age
28:51 Elite Skirmisher
29:53 Padded Archer Armor
30:12 Bow Saw
30:06 Heavy Plow
30:05 Fletching
31:27 Hand Cart
31:35 Leather Archer Armor
31:26 Scale Barding Armor
30:57 Light Cavalry
31:38 Husbandry
31:46 Bodkin Arrow
32:35 Bloodlines
33:54 Thumb Ring
34:17 Gold Mining
34:20 Stone Mining
34:54 Conscription
35:29 Onager
HeGotYou777
7:52 Loom
16:41 Feudal Age
18:12 Wheelbarrow
18:43 Horse Collar
21:20 Forging
35:15 Castle Age
40:33 Sanctity
juan.uquia
0:28 Loom
12:25 Feudal Age
16:23 Castle Age
14:46 Stone Mining
14:52 Double-Bit Axe
15:43 Horse Collar
17:29 Fletching
19:19 Town Watch
20:09 Wheelbarrow
21:04 Bow Saw
21:03 Heavy Plow
24:30 Padded Archer Armor
27:01 Bodkin Arrow
27:17 Forging
30:18 Ballistics
34:04 Imperial Age
33:40 Iron Casting
34:00 Leather Archer Armor
34:03 Hand Cart
33:33 Town Watch
34:49 Town Patrol
35:23 Fortified Wall
35:10 Murder Holes
36:47 Chemistry
35:53 Murder Holes
35:37 Elite Fire Lancer
Dippy Eggs
11:55 Feudal Age
13:48 Loom
14:39 Wheelbarrow
14:36 Gold Mining
17:41 Castle Age
15:29 Double-Bit Axe
15:31 Horse Collar
19:36 Gold Shaft Mining
19:15 Bow Saw
23:52 Wheelbarrow
27:38 Hand Cart
30:15 Stone Mining
35:42 Imperial Age
32:58 Town Watch
33:26 Forging
33:16 Scale Mail Armor
34:15 Stone Shaft Mining
35:15 Iron Casting
36:44 Capped Ram
37:26 Siege Ram
39:48 Blast Furnace
39:03 Chain Mail Armor
42:03 Conscription
42:01 Furor Celtica
42:52 Conscription
DrippyDude666
12:17 Feudal Age
16:34 Castle Age
14:29 Double-Bit Axe
21:19 Imperial Age
34:19 Gold Mining
34:41 Bow Saw
34:14 Horse Collar
40:38 Bloodlines
40:34 Husbandry
44:01 Parthian Tactics
46:01 Scale Barding Armor
46:07 Forging
DOZZER
11:01 Feudal Age
12:10 Horse Collar
12:19 Double-Bit Axe
21:14 Castle Age
20:27 Wheelbarrow
19:49 Stone Mining
19:50 Gold Mining
21:41 Forging
22:18 Thumb Ring
29:21 Bow Saw
30:45 Arson
32:12 Gold Shaft Mining
33:21 Heavy Plow
33:39 Hand Cart
35:39 Iron Casting
35:04 Scale Mail Armor
40:03 Imperial Age
38:20 Chain Mail Armor
40:36 Elite Samurai
42:19 Blast Furnace
45:12 Plate Mail Armor
45:41 Squires
老兵甲
0:55 Loom
12:12 Feudal Age
13:47 Double-Bit Axe
13:44 Horse Collar
16:38 Castle Age
18:54 Bow Saw
19:45 Wheelbarrow
27:31 Hand Cart
27:21 Heavy Plow
28:02 Gold Mining
29:02 Anarchy
31:40 Imperial Age
29:13 Scale Mail Armor
30:00 Squires
29:20 Pikeman
30:19 Chain Mail Armor
30:15 Forging
32:46 Iron Casting
33:14 Conscription
32:37 Elite Huskarl
33:54 Perfusion
35:12 Halberdier
44:38 Spies/Treason
Connection lost

Rejoining the realm…

Still unreachable

The connection could not be restored.

Session expired

The server has moved on; the page needs a fresh start.